Map: Catalyst LE

Players

SeungMo

  • Race: Terran Terran
  • League: Master
  • Spawn Location: 5:00

DaGrassAssn - Winner!

  • Race: Zerg Zerg
  • League: Master
  • Spawn Location: 11:00

VOD

Have the link to the VOD?

Description

Time

  • Played on: March 10, 2018, 9:23 p.m.
  • Length: 14:25
Show
View Real Time Build Order
Export as new Build Order

SeungMo Terran 

Build Orders: Hellion Opening, Reaper Expand, Bio Tank 

Get SALT Encoding   

  12  0:00  SCV  
  13  0:16  Supply Depot  
  13  0:17  SCV  
  14  0:29  SCV  
  15  0:40  Barracks  
  15  0:42  Refinery  
  15  0:44  SCV  
  16  0:56  SCV  
  17  1:09  SCV  
  18  1:27  Orbital Command  
  18  1:28  Reaper  
  19  1:41  Command Center  
  19  1:53  SCV  
  20  1:56  Supply Depot  
  20  2:02  Marine  
  20  2:06  SCV  
  22  2:18  SCV  
  22  2:20  Factory  
  23  2:23  Refinery, Barracks Reactor  
  23  2:30  SCV  
  24  2:42  SCV  
  25  2:55  SCV  
  25  3:07  Starport  
  25  3:08  SCV  
  25  3:09  Hellion  
  25  3:10  Hellion, Barracks Tech Lab  
  25  3:11  Orbital Command  
  30  3:16  Supply Depot  
  30  3:21  SCV  
  31  3:31  Hellion x2  
  31  3:33  SCV  
  36  3:38  SCV  
  37  3:45  SCV  
  38  3:50  SCV  
  38  3:52  Raven, Supply Depot  
  38  3:54  Hellion  
  43  3:57  Hellion  
  45  4:05  SCV  
  45  4:06  SCV  
  47  4:15  Hellion  
  49  4:18  SCV  
  49  4:19  Hellion  
  52  4:27  SCV  
  53  4:35  Viking  
  54  4:47  SCV  
  54  4:49  Barracks Tech Lab  
  49  4:55  Barracks  
  49  4:57  Command Center, Barracks  
  49  4:59  Factory Tech Lab  
  45  5:07  SCV  
  42  5:10  Stimpack  
  42  5:11  Marauder  
  42  5:12  SCV  
  45  5:19  SCV  
  46  5:24  SCV  
  47  5:29  Refinery x2  
  47  5:31  Engineering Bay, SCV  
  47  5:32  Engineering Bay  
  48  5:36  SCV  
  49  5:43  SCV  
  49  5:44  Barracks Reactor  
  49  5:48  SCV  
  51  5:50  Marine x3  
  51  5:52  Siege Tank  
  51  5:55  SCV  
  58  5:58  Terran Infantry Armor Level 1, Terran Infantry Weapons Level 1  
  58  6:00  SCV  
  58  6:01  Supply Depot  
  59  6:07  SCV  
  59  6:08  Marine x2  
  59  6:09  Marine  
  63  6:12  SCV  
  63  6:14  SCV  
  65  6:19  SCV  
  65  6:21  Marine, Barracks, Starport Tech Lab  
  65  6:22  Marine  
  65  6:25  Barracks  
  68  6:26  Marine x2  
  68  6:28  SCV  
  68  6:31  SCV  
  72  6:35  Orbital Command  
  72  6:39  Marine  
  73  6:43  Armory  
  74  6:48  Supply Depot  
  74  6:51  Starport Reactor  
  73  6:54  Marine x2, Siege Tank  
  73  6:56  SCV  
  73  6:58  Marine, SCV  
  73  6:59  Marine  
  82  7:02  Orbital Command  
  82  7:09  SCV  
  82  7:10  SCV  
  82  7:11  Marine x2, Combat Shields  
  82  7:12  Marine x2  
  88  7:21  Marine, Marauder, SCV  
  88  7:22  SCV  
  93  7:34  Barracks Reactor  
  93  7:37  Supply Depot  
  93  7:39  Supply Depot  
  93  7:50  Refinery  
  93  7:51  Missile Turret  
  93  7:54  Concussive Shells  
  93  7:57  Marine, SCV  
  93  7:59  Marine x3, SCV, Marauder, Medivac  
  93  8:00  Supply Depot, SCV  
  93  8:02  Supply Depot  
  93  8:03  Supply Depot, Terran Infantry Weapons Level 2  
  102  8:07  Terran Infantry Armor Level 2  
  102  8:10  SCV  
  102  8:11  SCV  
  102  8:12  SCV  
  105  8:15  Marauder  
  105  8:16  Marine x2  
  109  8:21  Marine x3, Medivac  
  114  8:35  Starport  
  114  8:37  Barracks Reactor  
  114  8:38  Marine x2  
  114  8:39  Marine x3, Marauder, Siege Tank  
  124  8:43  Supply Depot  
  124  8:56  Marine x2  
  124  8:57  Marine  
  124  8:59  Marine  
  124  9:00  Medivac  
  130  9:10  Factory  
  130  9:11  Siege Tank, SCV x2  
  130  9:12  Supply Depot x2  
  130  9:13  Refinery  
  130  9:14  Barracks Reactor  
  135  9:18  Marine x2  
  135  9:19  Marine x2, Medivac  
  135  9:23  Marine  
  141  9:26  Marine  
  141  9:27  Marine  
  138  9:34  Liberator  
  138  9:35  Marine, Liberator  
  138  9:36  Marine  
  138  9:37  Marine x2  
  134  9:41  Marine  
  134  9:43  Marine, Siege Tank  
  134  9:44  Marine  
  140  9:50  Command Center  
  146  9:53  Marine x2  
  146  9:55  Marine x2, Fusion Core  
  150  10:00  Marine x2  
  150  10:01  Medivac, Siege Tank  
  157  10:13  Supply Depot  
  157  10:15  Supply Depot  
  157  10:16  Marine x2  
  157  10:18  Marauder  
  157  10:20  Siege Tank  
  154  10:27  Marine x3  
  135  10:30  Marine x3  
  135  10:31  Medivac  
  135  10:33  Siege Tank  
  135  10:34  Medivac  
  145  10:39  Marauder  
  147  10:46  Terran Infantry Weapons Level 3  
  147  10:47  Liberator x2  
  146  10:58  Marine  
  146  11:01  Marauder  
  146  11:03  Barracks  
  146  11:04  Barracks  
  149  11:06  Barracks  
  155  11:19  Marine x8  
  155  11:20  Siege Tank  
  155  11:22  Marauder  
  131  11:36  Marine  
  131  11:37  Marine x3  
  131  11:38  Marine  
  122  11:40  Marine  
  122  11:44  Marauder  
  122  11:46  Marine  
  124  11:48  Marine  
  124  11:52  Siege Tank  
  131  11:54  Marine x2  
  131  11:56  Siege Tank  
  131  11:59  Marine  
  134  12:07  Marine  
  131  12:13  SCV  
  125  12:18  Marine x4  
  125  12:19  Marine  
  107  12:30  Marine x2  
  107  12:34  Marine  
  107  12:36  Marine x3  
  96  12:40  Medivac x3  
  81  12:56  Marine  
  81  12:57  Marine  
  63  13:11  Marine  
  63  13:12  Marine x2  
  56  13:15  Marine  
  51  13:20  Marine x3  
  51  13:22  Siege Tank  
  51  13:25  Factory Tech Lab  
  57  13:29  Marine x2  
  57  13:32  Marine  
  57  13:35  Marine  
  57  13:38  Marine x2  
  50  13:50  Marine x2  
  46  14:00  Marine x2  
  45  14:05  Marine  
Show
View Real Time Build Order
Export as new Build Order

DaGrassAssn Zerg - Winner!

Build Orders: Hatch First 

Get SALT Encoding   

  12  0:01  Drone  
  13  0:08  Drone  
  14  0:15  Extractor  
  14  0:16  Drone  
  15  0:38  Hatchery  
  14  0:43  Extractor, Drone  
  14  0:49  Overlord  
  15  1:05  Spawning Pool  
  15  1:08  Drone  
  15  1:13  Drone  
  15  1:16  Drone  
  17  1:20  Drone  
  18  1:31  Drone  
  19  1:41  Drone  
  20  1:51  Queen  
  20  1:52  Queen  
  20  1:53  Zergling x2  
  25  1:56  Overlord  
  25  2:02  Drone x2  
  27  2:12  Drone  
  28  2:17  Drone  
  29  2:27  Queen x2  
  29  2:29  Spore Crawler  
  31  2:39  Spore Crawler  
  30  2:45  Drone x4  
  35  2:57  Overlord  
  35  2:58  Overlord x2  
  35  2:59  Extractor  
  35  3:00  Extractor  
  33  3:08  Drone x3  
  36  3:16  Drone x3  
  36  3:19  Drone  
  40  3:20  Roach Warren  
  39  3:33  Spore Crawler  
  38  3:35  Drone  
  38  3:36  Drone  
  41  3:43  Drone x3  
  41  3:44  Evolution Chamber, Drone x3  
  41  3:48  Evolution Chamber  
  45  3:52  Lair  
  45  3:54  Drone  
  46  3:57  Drone x2  
  46  4:01  Drone  
  49  4:07  Extractor x2  
  47  4:14  Drone x4  
  47  4:16  Drone x2  
  53  4:17  Drone  
  53  4:19  Overlord  
  54  4:25  Drone  
  55  4:31  Zerg Missile Weapons Level 1  
  50  4:44  Drone x3  
  50  4:45  Drone x6  
  48  4:48  Drone  
  47  4:53  Drone  
  48  5:00  Zerg Ground Armor Level 1  
  48  5:04  Drone  
  48  5:07  Drone x2  
  50  5:15  Roach x2  
  53  5:25  Drone x3  
  54  5:34  Roach  
  56  5:36  Glial Reconstitution  
  56  5:53  Roach x2  
  60  5:59  Overlord x4  
  60  6:02  Hatchery  
  59  6:08  Drone  
  60  6:16  Overlord x3  
  60  6:18  Drone  
  60  6:19  Drone x3  
  60  6:24  Drone x2  
  66  6:28  Zerg Missile Weapons Level 2  
  66  6:35  Drone x2  
  66  6:36  Drone x2  
  70  6:42  Drone  
  70  6:43  Hydralisk Den  
  70  6:47  Drone  
  70  6:48  Drone x3  
  74  6:55  Drone x3  
  74  6:59  Pneumatized Carapace  
  77  7:04  Zerg Ground Armor Level 2  
  77  7:14  Drone x4  
  80  7:18  Grooved Spines  
  80  7:31  Queen, Drone x3  
  80  7:34  Extractor  
  80  7:35  Extractor  
  83  7:37  Overlord  
  83  7:38  Overlord x2  
  83  7:45  Overlord  
  83  7:46  Overlord  
  83  7:54  Hydralisk x3  
  89  8:03  Hydralisk x3  
  89  8:04  Hydralisk x3  
  101  8:22  Hatchery  
  101  8:23  Hydralisk  
  101  8:24  Hydralisk x3  
  108  8:29  Muscular Augments  
  108  8:34  Roach x2  
  108  8:35  Roach x3  
  108  8:38  Overlord  
  118  8:43  Overlord x2  
  118  8:47  Overlord x2  
  118  8:58  Overlord  
  118  9:05  Ravager x3  
  118  9:07  Roach  
  118  9:08  Roach x8  
  139  9:18  Hydralisk x2  
  139  9:19  Hydralisk x2  
  139  9:22  Roach  
  139  9:23  Roach x2  
  153  9:36  Roach x3  
  153  9:37  Roach x3  
  154  9:47  Overlord x4  
  154  10:03  Overlord x4  
  154  10:09  Roach x7  
  154  10:10  Ravager x2  
  154  10:11  Ravager x3  
  154  10:12  Ravager x3  
  165  10:29  Roach  
  165  10:30  Roach x9  
  183  10:38  Hydralisk x3  
  185  10:50  Spawning Pool  
  181  11:10  Hydralisk x5  
  181  11:11  Hydralisk x4  
  168  11:33  Roach  
  168  11:34  Roach x5  
  168  11:53  Hydralisk  
  168  11:54  Hydralisk x7  
  178  12:15  Zergling x2  
  179  12:16  Zergling x22  
  176  12:30  Roach x5  
  176  12:31  Roach  
  163  12:48  Metabolic Boost  
  161  12:58  Hydralisk x5  
  153  12:59  Hydralisk x6  
  166  13:16  Hydralisk  
  166  13:17  Hydralisk x3  
  171  13:35  Ravager  
  171  13:36  Ravager x6  
  171  13:37  Queen  
  166  14:03  Hatchery  
Tags
 
Add a new tag
Caveats
  • Supply blocks, unpowered buildings, or Contaminate may cause inaccurate times.
  • Supply counts are checked every 10 seconds.